 Dungeon Sprint DCSS version 0.31-a0-18-gea43df2a32 (webtiles) character file.

Game seed: 515303323084444975

2836 sircluck the Grappler (level 9, -6/101 HPs)
             Began as a Troll Berserker on May 11, 2023.
             Was a High Priest of Trog.
             Killed from afar by a crystal guardian (21 damage)
             ... with a crystal bolt
             ... in the Dungeon (Sprint II: "The Violet Keep of Menkaure").
             The game lasted 00:03:35 (534 turns).

sircluck the Grappler (Troll Berserker)              Turns: 534, Time: 00:03:36

Health: -6/101     AC:  4    Str: 31    XL:     9   Next: 45%
Magic:  8/8        EV: 12    Int:  3    God:    Trog [*****.]
Gold:   1223       SH:  0    Dex:  9    Spells: 8/8 levels left

rFire   . .          .
                       - Unarmed
rCold   . . .        (no shield)
rNeg    . . .        a - +0 animal skin
rPois   .            (helmet restricted)
rElec   .            (no cloak)
rCorr   .            (gloves unavailable)
SInv    .            (boots unavailable)
Will    .....        (no amulet)
Stlth   +            (no ring)
HPRegen 1.16/turn    (no ring)
MPRegen 0.11/turn

%: no teleportation
@: lethally poisoned (-6 -> -24), slowed, very slow
A: large, unfitting armour, claws 3, regeneration 1, shaggy fur 1, tough skin 1
a: Renounce Religion, Berserk, Trog's Hand, Brothers in Arms


You were in the Dungeon.
You worshipped Trog.
Trog was extremely pleased with you.
You visited 1 branch You collected 1223 gold pieces.

Inventory:

Armour
 a - a +0 animal skin (worn)
Scrolls
 g - a scroll of blinking
 h - a scroll of fear {unknown}
Potions
 b - a potion of curing
 c - a potion of heal wounds
 d - a potion of haste
 e - 2 potions of magic
 f - a potion of berserk rage


   Skills:
 + Level 10.1 Fighting
 + Level 10.3 Dodging
 + Level 0.5 Stealth
 + Level 14.9 Unarmed Combat


You had 8 spell levels left.
You didn't know any spells.
Your spell library was empty.

Dungeon Overview and Level Annotations

Branches:
Dungeon (1/1)

Altars:
Cheibriados
Dithmenos
Elyvilon
Fedhas
Hepliaklqana
Kikubaaqudgha
Makhleb
Nemelex Xobeh
Qazlal
Ru
Sif Muna
Trog
Uskayaw
Vehumet
Wu Jian
Xom
Yredelemnul
Zin
The Shining One
Jiyva
Lugonu

Shops:
D =::[(?(:!=[!((=

Annotations:
D exclusion: oklob plant


Innate Abilities, Weirdness & Mutations

You are too large for most types of armour.
You have claws for hands.
Your natural rate of healing is unusually fast.
You are covered in fur. (AC +1)
You have tough skin. (AC +1)


Message History

You open the door. You claw the swamp drake!
The swamp drake is moderately wounded.
The swamp drake completely misses you.
You eviscerate the swamp drake!!!
You kill the swamp drake!
Trog accepts your kill.
There is an open door, spattered with blood here.
Unknown command.
A death drake comes into view.
The death drake hisses angrily.
You hear a roar!
The death drake breathes miasma at you. The foul vapour engulfs you!
You are poisoned.
A crystal guardian comes into view.
You hear an angry hiss.
You are engulfed in dark miasma.
You are more poisoned.
You feel yourself slow down.
You feel extremely sick.
A death drake comes into view.
You are engulfed in dark miasma.
You are more poisoned.
You feel extremely sick.
There is an open door, spattered with blood here.
You feel extremely sick.
A swamp drake comes into view.
The death drake breathes miasma at you.
The foul vapour engulfs the crystal guardian.
The crystal guardian completely resists.
The swamp drake moves out of view.
Unknown command.
Your deep troll goes berserk!
You are engulfed in dark miasma.
You are more poisoned.
* * * LOW HITPOINT WARNING * * *
x2 You feel extremely sick.
The crystal guardian fires a crystalline bolt at you.
The crystal bolt freezes you!!
You die...

## e≈.....# ~#+++#
####....# ## ~....
#.†)....# .# ~~.##+##
#..####^# .# ~~##.#.##
####..'°##k# ~~#..#..# ..
#..#°°k#
####...####..#####○°#
#.###†###.##..#°°9T°#
##†##.##...#..#°@#..# #
.##'.<.†###+..####..##.#
...##.##...#....###...##▓▓
#.###'###.##......~~~~~~~~~
####†#†####~§.....~#+######
~~#..#..#~~~~~~~..~#..._._.
#~###.###~§~~~~~~.~#_._._._
#~~##+##~~~≈§≈§~~~~#._._._.
##~~~~~~~~~~§≈≈≈§~§#_._._._


You could see 2 death drakes, a crystal guardian (ally target) and a friendly
deep troll (summoned, berserk).

Vanquished Creatures
  2 boulder beetles (D)
  A blink frog (D)
  3 slime creatures (D)
  2 wyverns (D)
  A water moccasin (D)
  A swamp drake (D)
  4 necrophages (D)
  4 scorpions (D)
  3 worms (D)
  2 spectral ball pythons (D)
23 creatures vanquished.

Notes
Turn   | Place    | Note
-------+----------+-------------------------------------------
     0 | D        | sircluck the Troll Berserker began the quest for the Orb.
     0 | D        | Reached XP level 1. HP: 22/22 MP: 0/0
     1 | D        | Noticed a necrophage
     1 | D        | Noticed a necrophage
     1 | D        | Noticed a necrophage
     1 | D        | Noticed a necrophage
    14 | D        | Killed a necrophage
    15 | D        | Reached skill level 5 in Unarmed Combat
    15 | D        | Reached XP level 2. HP: 24/33 MP: 1/1
    15 | D        | Reached XP level 3. HP: 29/40 MP: 2/2
    16 | D        | Killed a necrophage
    16 | D        | Reached ** piety under Trog
    17 | D        | Reached skill level 5 in Fighting
    17 | D        | Reached skill level 5 in Dodging
    17 | D        | Reached skill level 6 in Unarmed Combat
    17 | D        | Reached XP level 4. HP: 36/50 MP: 3/3
    23 | D        | Killed a necrophage
    24 | D        | Reached skill level 7 in Unarmed Combat
    24 | D        | Reached XP level 5. HP: 34/59 MP: 4/4
    62 | D        | Reached *** piety under Trog
    79 | D        | Noticed a boulder beetle
    79 | D        | Noticed a boulder beetle
    86 | D        | Reached skill level 8 in Unarmed Combat
    86 | D        | Reached XP level 6. HP: 63/68 MP: 5/5
    93 | D        | Reached **** piety under Trog
    94 | D        | Reached skill level 9 in Unarmed Combat
   118 | D        | Killed a boulder beetle
   119 | D        | Reached skill level 11 in Unarmed Combat
   119 | D        | Reached XP level 7. HP: 52/81 MP: 6/6
   119 | D        | Reached XP level 8. HP: 58/89 MP: 7/7
   126 | D        | Killed a boulder beetle
   127 | D        | Reached skill level 12 in Unarmed Combat
   179 | D        | Found Hecaf's Antique Weapon Emporium.
   179 | D        | Found Maudgh Supno's Jewellery Emporium.
   179 | D        | Found Taafamem's Distillery.
   179 | D        | Found Pipt's Antique Weapon Shoppe.
   179 | D        | Found Zarghutiu's Antique Armour Emporium.
   180 | D        | Found Mujin's Distillery.
   180 | D        | Found Ziusoa's Book Shoppe.
   181 | D        | Found Ulungorgh's Antique Weapon Emporium.
   181 | D        | Found Efoty's Magic Scroll Shoppe.
   181 | D        | Found Hook's Antique Weapon Shoppe.
   182 | D        | Found Meloq's Jewellery Emporium.
   192 | D        | Reached skill level 13 in Unarmed Combat
   195 | D        | Found Qeer's Antique Armour Shoppe.
   195 | D        | Found Douram's Book Emporium.
   195 | D        | Noticed an iron elemental
   195 | D        | Noticed an oklob plant
   196 | D        | Found Ihocsez's Jewellery Shoppe.
   196 | D        | Found Laemp's Book Shoppe.
   197 | D        | Noticed a cane toad
   197 | D        | Noticed a cane toad
   243 | D        | Noticed a blink frog
   261 | D        | Killed a blink frog
   261 | D        | Reached ***** piety under Trog
   282 | D        | Noticed an obsidian statue
   298 | D        | Found a glowing golden altar of the Shining One.
   298 | D        | Found an ornate altar of the Wu Jian Council.
   298 | D        | Found a stormy altar of Qazlal.
   299 | D        | Found a shimmering altar of Xom.
   299 | D        | Found a sacrificial altar of Ru.
   299 | D        | Found a hazy altar of Hepliaklqana.
   300 | D        | Found a basalt altar of Yredelemnul.
   300 | D        | Found a shimmering blue altar of Sif Muna.
   300 | D        | Found a viscous altar of Jiyva.
   301 | D        | Found a glowing silver altar of Zin.
   301 | D        | Found a bloodstained altar of Trog.
   301 | D        | Found an ancient bone altar of Kikubaaqudgha.
   301 | D        | Found a snail-covered altar of Cheibriados.
   303 | D        | Found a hide-covered altar of Uskayaw.
   303 | D        | Found a corrupted altar of Lugonu.
   303 | D        | Found a shadowy altar of Dithmenos.
   304 | D        | Found a radiant altar of Vehumet.
   304 | D        | Found a burning altar of Makhleb.
   304 | D        | Found a white marble altar of Elyvilon.
   305 | D        | Found a sparkling altar of Nemelex Xobeh.
   305 | D        | Found a blossoming altar of Fedhas.
   331 | D        | Noticed a slime creature
   331 | D        | Noticed a slime creature
   331 | D        | Noticed a slime creature
   343 | D        | Killed a slime creature
   344 | D        | Reached XP level 9. HP: 70/101 MP: 8/8
   345 | D        | Reached skill level 14 in Unarmed Combat
   346 | D        | Reached skill level 10 in Dodging
   357 | D        | Noticed a deep elf master archer
   404 | D        | Received a gift from Trog
   405 | D        | Reached skill level 10 in Fighting
   530 | D        | Noticed a death drake
   530 | D        | Noticed a crystal guardian
   531 | D        | Noticed a death drake
   534 | D        | Killed from afar by a crystal guardian

Illustrated notes

Levels and vault maps discovered:
D:        the_violet_keep_of_menkaure [sprint2_stairs_cluster_1,
          sprint2_shoproom, sprint2_temple, sprint2_basic_supplies,
          sprint2_obstacle_3, sprint2_obstacle_1, sprint2_obstacle_4,
          sprint2_obstacle_7, sprint2_obstacle_5, sprint2_timed_cluster_1,
          sprint2_smallroom_cluster_1, sprint2_smallroom_final_cluster_1,
          sprint2_transparent_cluster_1, sprint2_second_timed_cluster_1,
          sprint2_sniper_area_1, sprint2_heavy_combat_area_1,
          sprint2_mutation_trap_area_1, sprint2_forest_area_1,
          sprint2_light_combat_area_1, sprint2_behind_water_1,
          sprint2_near_end_vault_1]

Skill      XL: |  1  2  3  4  5  6  7  8  9 |
---------------+----------------------------+-----
Fighting       | 4 5 6 8 9 10 | 10.1
Dodging        | 4 5 6 8 9 10 | 10.3
Unarmed Combat | 5 6 7 8 11 13 14 | 14.9
Stealth        | |  0.5

Action                     |  1- 3 |  4- 6 |  7- 9 || total
---------------------------+-------+-------+-------++-------
  Melee: Unarmed           |    13 |    41 |    42 ||    96
         Punch             |       |     5 |     3 ||     8
 Invoke: Berserk           |       |     1 |       ||     1
         Brothers in Arms  |       |       |     1 ||     1
 Armour: Animal skin       |     2 |     3 |     4 ||     9
  Dodge: Dodged            |     3 |    13 |    22 ||    38

Table legend: (Time is in decaauts)
 A = Elapsed time spent in this place.
 B = Non-inter-level travel time spent in this place.
 C = Inter-level travel time spent in this place.
 D = Time resting spent in this place.
 E = Time spent auto-exploring this place.
 F = Levels seen in this place.
 G = Mean time per level.
                   A        B        C        D        E       F      G
               +--------+--------+--------+--------+--------+-----+--------+
         Total |    528 |    498 |     30 |    191 |     22 |   1 |  528.0 |
       Dungeon |    528 |    498 |     30 |    191 |     22 |   1 |  528.0 |
               +--------+--------+--------+--------+--------+-----+--------+

Top non-repeatable levels by time:
       D: 528 daAuts
